cohdb
Replays
Latest Replays
All Replays
Popular Replays
Top Player Replays
Match Explorer
How It Works
Community
CoH3 Stats
Reddit
Sign in to upload your games and track your stats! →
Sign in with Steam
Match 31650969
Unlisted
Match 31650969
Overview
Messages
Build Orders
End
Kettenkrad Recon Vehicle
Construct Infanterie Kompanie
MG 42 Machine Gun Team
Grenadier Squad
GrW 34 Mortar Team
Construct Panzergrenadier Kompanie
Medical Station
Panzergrenadier Squad
Panzergrenadier Squad
Pak 40 Anti-tank Gun Team
Selects Mechanized Battlegroup
Selects Raid Package
Kettenkrad Recon Vehicle
Selects StuG Assault Group
StuG Assault Group
Construct Panzer Kompanie
Selects UNKNOWN (2160084)
Panzer IV Medium Tank
Nukepapa
Filin
ℎ ℯ ℛ ℴ™羞涩的信封
CommanderQc
0
0
Comments
sign in to comment!
No comments posted yet!